AoeStats
← MrRomrome

Arena

509843807Analyzed
1v1 RM · 5d ago on Sep 28, 2026· 37m 53s· 2 players
Game mode
Random Map
Map size
Tiny (2 player)
Population
200
Speed
Normal
Resources
Standard
Victory
Conquest
Starting age
Dark Age
Ending age
Imperial Age
RankedLock teamsTeams togetherTeam positionsShared explorationLock speedFull tech treeHidden civsTurbo modeCheats
Victory
Defeat
🇩🇪 Khmer · Germany
883
+17
🇧🇪 Vietnamese · Belgium
911
-48
Alexandar The Okay
10:34 Feudal Age
14:07 Castle Age
11:53 Loom
11:57 Horse Collar
12:40 Double-Bit Axe
14:59 Bow Saw
18:47 Wheelbarrow
17:58 Town Watch
18:41 Town Watch
21:11 Gold Mining
21:17 Stone Mining
23:04 Heavy Plow
24:05 Gold Shaft Mining
23:55 Hand Cart
29:10 Imperial Age
27:37 Ballistics
27:59 Town Patrol
30:00 Double Crossbow
31:05 Chemistry
29:54 Heavy Scorpion
31:01 Conscription
31:30 Siege Engineers
30:50 Light Cavalry
31:41 Bloodlines
31:31 Husbandry
31:38 Scale Barding Armor
31:44 Forging
31:58 Hussar
33:00 Chain Barding Armor
34:03 Iron Casting
35:48 Plate Barding Armor
37:09 Blast Furnace
37:00 Hoardings
36:40 Masonry
MrRomrome
10:53 Feudal Age
11:34 Double-Bit Axe
12:28 Horse Collar
16:09 Castle Age
15:55 Scale Barding Armor
16:39 Fletching
20:51 Wheelbarrow
23:10 Loom
23:29 Bodkin Arrow
23:58 Town Watch
25:40 Heavy Plow
27:37 Chain Barding Armor
27:58 Gold Mining
29:41 Ballistics
32:02 Imperial Age
30:12 Heated Shot
32:20 Forging
31:46 Pikeman
32:12 Heavy Cavalry Archer
33:30 Halberdier
35:59 Chemistry
37:13 Iron Casting
Connection lost

Rejoining the realm…

Still unreachable

The connection could not be restored.

Session expired

The server has moved on; the page needs a fresh start.